Map: Oxide LE

Players

PartinG - Winner!

  • Race: Protoss Protoss
  • League: Grandmaster
  • Spawn Location: 7:00

JinairRogue (Rogue)

  • Race: Zerg Zerg
  • Spawn Location: 1:00

Event: ASUS ROG Online 2020

VOD

https://youtu.be/8jJ9xOcuGxM

Description

Time

  • Played on: Nov. 27, 2020, 8:36 a.m.
  • Length: 11:05

All games in this series

Show
View Real Time Build Order
Export as new Build Order

PartinG Protoss - Winner!

Build Orders: 1 Gate Expand, Oracle Opening 

Get SALT Encoding   

  12  0:00  Probe  
  13  0:13  Pylon  
  13  0:17  Probe (Chrono Boost)  
  14  0:28  Probe (Chrono Boost)  
  15  0:32  Probe (Chrono Boost)  
  16  0:41  Gateway  
  16  0:43  Probe  
  16  0:49  Assimilator  
  17  0:55  Probe  
  18  1:07  Probe  
  19  1:20  Probe  
  20  1:26  Nexus  
  20  1:35  Cybernetics Core  
  20  1:37  Probe  
  21  1:43  Assimilator  
  21  1:49  Probe  
  21  1:54  Pylon  
  22  2:01  Probe  
  23  2:09  Adept (Chrono Boost)  
  23  2:13  Probe  
  26  2:18  Stargate  
  26  2:26  Probe (Chrono Boost)  
  26  2:29  Warp Gate  
  27  2:33  Adept  
  29  2:38  Probe x2 (Chrono Boost)  
  30  2:47  Probe x2 (Chrono Boost)  
  32  2:52  Probe x2 (Chrono Boost)  
  32  2:53  Void Ray (Chrono Boost)  
  34  3:04  Probe x2  
  40  3:07  Pylon  
  40  3:16  Probe x2  
  40  3:18  Gateway  
  42  3:28  Probe x2  
  42  3:31  Oracle (Chrono Boost)  
  47  3:39  Pylon  
  48  3:44  Gateway  
  48  3:47  Gateway  
  44  3:50  Pylon  
  44  3:51  Pylon  
  44  3:57  Cybernetics Core  
  44  4:01  Pylon  
  44  4:03  Void Ray (Chrono Boost)  
  48  4:13  Shield Battery  
  48  4:15  Probe  
  49  4:19  Assimilator, Probe  
  50  4:24  Zealot x2  
  50  4:30  Shield Battery  
  54  4:32  Gateway  
  54  4:35  Pylon  
  50  4:40  Sentry  
  52  4:45  Sentry  
  52  4:47  Probe  
  52  4:48  Assimilator  
  55  4:53  Probe, Void Ray (Chrono Boost)  
  55  4:55  Zealot  
  55  4:59  Probe  
  63  5:05  Probe  
  63  5:07  Zealot  
  66  5:10  Pylon  
  66  5:16  Probe  
  66  5:17  Probe  
  66  5:28  Probe  
  67  5:29  Probe  
  67  5:31  Adept x4  
  76  5:39  Twilight Council  
  76  5:40  Probe  
  76  5:41  Probe  
  78  5:54  Nexus  
  78  5:55  Pylon  
  78  6:05  Probe x2  
  80  6:12  Resonating Glaives (Chrono Boost)  
  80  6:17  Probe x2  
  78  6:19  Adept x4  
  78  6:22  Shield Battery  
  78  6:23  Robotics Facility  
  86  6:31  Shield Battery  
  86  6:41  Adept x4  
  86  6:45  Probe x2  
  96  6:50  Forge  
  96  7:00  Pylon, Probe x2  
  98  7:02  Pylon  
  95  7:09  Protoss Ground Weapons Level 1 (Chrono Boost)  
  95  7:15  Adept x4  
  95  7:16  Probe x2  
  95  7:22  Observer  
  100  7:26  Probe  
  100  7:28  Robotics Bay, Probe  
  100  7:29  Blink (Chrono Boost)  
  102  7:37  Probe  
  103  7:38  Probe  
  103  7:39  Sentry x2  
  103  7:40  Probe  
  107  7:54  Probe  
  107  7:56  Immortal  
  108  8:01  Probe  
  103  8:06  Probe  
  98  8:15  Probe x2  
  98  8:18  Probe  
  97  8:20  Stalker x4  
  99  8:27  Gateway x2  
  99  8:29  Gateway  
  99  8:30  Pylon  
  99  8:31  Assimilator  
  99  8:32  Immortal (Chrono Boost)  
  99  8:33  Assimilator  
  99  8:34  Photon Cannon  
  99  8:35  Photon Cannon  
  99  8:37  Gateway  
  99  8:40  Gateway  
  103  8:45  Sentry x2  
  103  8:46  Stalker x2  
  111  8:49  Extended Thermal Lance (Chrono Boost)  
  111  8:55  Pylon  
  111  9:01  Photon Cannon  
  111  9:04  Warp Prism  
  113  9:10  Nexus  
  113  9:11  Pylon  
  113  9:12  Pylon  
  113  9:21  Stalker x3  
  113  9:22  Stalker  
  121  9:26  Stalker, Sentry  
  121  9:30  Probe x3  
  128  9:37  Stalker x2  
  132  9:39  Photon Cannon  
  132  9:55  Stalker x4  
  140  10:02  Stalker x2  
  140  10:06  Stalker x2  
  148  10:12  Colossus (Chrono Boost)  
  142  10:28  Stalker x3  
  142  10:29  Stalker x2  
  136  10:38  Stalker x3  
  122  10:54  Stalker x3  
  122  10:55  Stalker  
Show
View Real Time Build Order
Export as new Build Order

JinairRogue Zerg 

Build Orders: Hatch First 

Get SALT Encoding   

  12  0:00  Drone  
  13  0:12  Overlord  
  13  0:17  Drone  
  14  0:31  Drone x2  
  16  0:48  Drone  
  17  0:52  Drone  
  17  0:56  Hatchery  
  17  0:58  Drone  
  18  1:06  Extractor  
  17  1:13  Spawning Pool  
  17  1:17  Drone  
  17  1:21  Drone  
  18  1:28  Drone  
  19  1:41  Overlord  
  19  1:50  Drone  
  20  2:00  Zergling x2, Queen  
  23  2:05  Metabolic Boost  
  23  2:08  Queen  
  23  2:10  Zergling x2  
  26  2:15  Drone  
  26  2:20  Drone  
  28  2:27  Zergling x2  
  29  2:31  Drone  
  30  2:38  Hatchery  
  30  2:44  Drone  
  30  2:45  Zergling x4  
  32  2:53  Overlord  
  32  2:55  Zergling x2  
  33  3:02  Zergling x2  
  33  3:05  Zergling x2  
  35  3:11  Zergling x6  
  38  3:15  Zergling x2  
  38  3:16  Zergling x2  
  38  3:19  Zergling x6  
  43  3:27  Zergling x2  
  43  3:31  Overlord  
  44  3:37  Overlord  
  41  3:50  Zergling x2  
  41  3:51  Zergling x6  
  41  3:53  Zergling x2  
  44  3:57  Zergling x2  
  44  4:01  Zergling x2  
  44  4:04  Zergling x2  
  44  4:07  Drone  
  44  4:10  Zergling x2  
  44  4:13  Zergling x2  
  45  4:18  Drone x2  
  45  4:20  Drone  
  45  4:23  Drone x2  
  50  4:27  Drone  
  50  4:28  Drone  
  50  4:30  Drone  
  49  4:31  Drone  
  49  4:34  Drone  
  49  4:36  Drone  
  49  4:39  Drone  
  49  4:41  Drone  
  49  4:42  Drone  
  49  4:48  Drone x2  
  49  4:52  Drone x3  
  52  4:57  Queen  
  54  5:01  Spore Crawler  
  54  5:03  Spore Crawler x2  
  54  5:07  Drone x3  
  53  5:12  Queen  
  56  5:14  Drone  
  56  5:16  Overlord  
  56  5:19  Drone  
  54  5:25  Drone x2  
  54  5:26  Drone x3  
  56  5:29  Drone  
  57  5:36  Roach Warren  
  57  5:37  Extractor, Drone x3  
  57  5:39  Drone  
  57  5:41  Drone  
  60  5:46  Overlord, Extractor  
  59  5:53  Zergling x4  
  61  5:58  Spine Crawler  
  61  6:01  Drone x5  
  65  6:08  Queen x2  
  69  6:18  Overlord x2  
  70  6:21  Extractor  
  70  6:22  Lair  
  70  6:23  Drone x3  
  70  6:25  Extractor  
  69  6:26  Overlord  
  69  6:29  Zergling x2  
  69  6:30  Zergling x6  
  69  6:32  Overlord x3  
  73  6:36  Roach x2  
  76  6:40  Extractor  
  76  6:41  Roach x2  
  76  6:44  Roach  
  76  6:46  Roach  
  76  6:47  Roach x2  
  87  6:52  Evolution Chamber  
  87  6:53  Roach  
  87  6:54  Roach  
  90  6:56  Roach  
  90  6:57  Roach  
  90  6:58  Ravager  
  95  7:02  Ravager  
  95  7:03  Zergling x6  
  95  7:04  Zergling x2  
  95  7:06  Roach  
  101  7:08  Drone  
  101  7:09  Drone  
  101  7:12  Drone  
  100  7:16  Drone  
  100  7:17  Drone x2  
  100  7:19  Drone  
  100  7:20  Drone  
  100  7:21  Zerg Missile Weapons Level 1  
  105  7:25  Glial Reconstitution  
  105  7:26  Drone  
  106  7:30  Drone  
  106  7:31  Drone x3  
  106  7:32  Overseer  
  110  7:40  Drone x2  
  110  7:43  Zergling x2  
  110  7:44  Zergling x4  
  110  7:45  Zergling x2  
  110  7:51  Roach x2  
  112  7:56  Zergling x2  
  107  8:03  Drone  
  107  8:04  Drone x6  
  105  8:06  Drone  
  105  8:09  Drone  
  105  8:10  Drone  
  97  8:13  Drone  
  97  8:14  Drone x2  
  97  8:16  Drone  
  98  8:23  Drone  
  98  8:25  Drone  
  97  8:27  Drone  
  97  8:31  Infestation Pit  
  97  8:34  Drone  
  97  8:35  Drone  
  97  8:41  Ravager x4  
  100  8:42  Roach x4, Pneumatized Carapace  
  100  8:46  Drone x2  
  113  8:56  Overlord x2  
  113  9:00  Drone  
  113  9:01  Zergling x10  
  119  9:04  Zergling x2, Hatchery  
  119  9:13  Zergling x2  
  120  9:17  Hive  
  120  9:20  Hydralisk Den  
  119  9:25  Zergling x2  
  119  9:27  Drone x9  
  119  9:28  Drone  
  119  9:29  Drone  
  131  9:31  Zergling x2  
  132  9:43  Overlord x2  
  132  9:44  Zergling x6  
  132  9:45  Zergling x2  
  136  9:51  Roach x2  
  138  9:54  Overlord  
  138  9:57  Overlord, Ravager, Lurker Den  
  137  10:01  Ravager x7  
  137  10:02  Ravager x3  
  137  10:03  Zergling x2  
  137  10:04  Zergling x2  
  148  10:08  Zergling x4, Roach  
  148  10:10  Roach  
  147  10:15  Roach  
  147  10:16  Roach x2  
  147  10:19  Roach  
  148  10:24  Roach x4  
  148  10:28  Roach x2  
  150  10:30  Roach  
  150  10:31  Roach  
  150  10:32  Zergling x4  
  150  10:35  Roach  
  144  10:40  Roach  
  144  10:41  Zergling x2, Roach x3  
  128  10:45  Roach  
Tags
 
Add a new tag
Caveats
  • Supply blocks, unpowered buildings, or Contaminate may cause inaccurate times.
  • Supply counts are checked every 10 seconds.